 Dungeon Crawl Stone Soup version 0.30.1 (webtiles) character file.

Game seed: 17684941992498093108

11 hawla the Firebug (level 2, -7/20 HPs)
             Began as a Meteoran Fire Elementalist on July 9, 2023.
             Killed by divine providence
             ... invoked by an orc priest
              (8 damage)
             ... on level 4 of the Dungeon.
             The game lasted 00:01:48 (237 turns).

hawla the Firebug (Meteoran Fire Elementalist)       Turns: 237, Time: 00:01:49

Health: -7/20      AC:  2    Str:  9    XL:     2   Next: 58%
Magic:  7/7        EV: 12    Int: 16    God:
Gold:   35         SH:  0    Dex: 14    Spells: 4/7 levels left

rFire   . . .        f - +0 flail
rCold   . . .        (no shield)
rNeg    . . .        a - +0 robe
rPois   .            (no helmet)
rElec   .            (no cloak)
rCorr   .            (no gloves)
SInv    .            (no boots)
Will    .....        (no amulet)
Stlth   +            (no ring)
HPRegen 0.00/turn    (no ring)
MPRegen 0.10/turn

%: no passive effects
@: inhibited regen, glowing
A: sense surroundings 1, otherworldly, glowing, explore regen, hooves 1,
mutation resistance 1, inhibited regeneration
a: no special abilities


You were on level 4 of the Dungeon.
You visited 1 branch of the dungeon, and saw 4 of its levels.

You collected 35 gold pieces.

Inventory:

Hand Weapons
 f - a +0 flail (weapon)
Armour
 a - a +0 robe (worn)
Scrolls
 e - a scroll of amnesia {unknown}
Potions
 d - a potion of brilliance {unknown}


   Skills:
 + Level 2.5 Dodging
 - Level 1.4 Stealth
 + Level 3.1 Spellcasting
 + Level 1.2 Conjurations
 + Level 4.1 Fire Magic


You had 4 spell levels left.
You knew the following spells:

 Your Spells              Type           Power      Damage    Failure   Level
a - Foxfire               Conj/Fire      44%        2x1d6     6%          1
b - Scorch                Fire           30%        2d6       4%          2

Your spell library contained the following spells:

 Spells                   Type           Power      Damage    Failure   Level
 Inner Flame              Hex/Fire       9%         N/A       24%         3
 Volatile Blastmotes      Fire/Tloc      18%        2d11      24%         3
 Flame Wave               Conj/Fire      11%        2d6       52%         4


Dungeon Overview and Level Annotations

Branches:
Dungeon (4/15) Zot: 2163
 Temple: D:4-7

Altars:
Xom

Shops:
D:4 *


Innate Abilities, Weirdness & Mutations

You passively map a small area around you.
You are easily found by Zot.
You glow in the dark.
You regain HP and MP as you explore.
You have large cloven feet.
You are somewhat resistant to further mutation.
You do not regenerate when monsters are visible.


Message History

There is a stone staircase leading up here.
Casting: Scorch (safe; 5% risk of failure)
Confirm with . or Enter, or press ? or * to list all spells.
Flames lash the orc.
The orc is severely wounded.
The orc's fire resistance burns away.
The orc barely misses you.
Unknown command.
Casting: Scorch (safe; 5% risk of failure)
Confirm with . or Enter, or press ? or * to list all spells.
You conjure some foxfire!
The orc hits you but does no damage. The orc closely misses you.
The orc hits you with a +0 club.
Casting: Foxfire (safe; 6% risk of failure)
Confirm with . or Enter, or press ? or * to list all spells.
You don't have enough magic to cast this spell.
Casting: Foxfire (safe; 6% risk of failure)
Confirm with . or Enter, or press ? or * to list all spells.
You conjure some foxfire!
The foxfire hits the orc!
The orc is burned terribly!
You kill the orc!
The foxfire hits the orc.
The orc is severely wounded.
A goblin comes into view. It is wielding a +0 club.
The orc hits you from afar with a +2 trident of protection.
The orc priest hits you with a +0 flail!
Ouch! That really hurt!
* * * LOW HITPOINT WARNING * * *
The orc closely misses you. Magic courses through your body.
The foxfire hits the orc priest.
The orc priest is moderately wounded.
The foxfire hits the orc.
You kill the orc!
The orc closely misses you.
The orc priest hits you with a +0 flail.
* * * LOW HITPOINT WARNING * * *
It was a potion of mutation.
You feel extremely strange.
Your feet thicken and deform.
Your regeneration stops near monsters.
You feel genetically stable. The orc closely misses you.
The orc priest invokes the aid of Beogh against you.
Beogh smites you!
You die...

, * ###### ,
8...8# * *
###.....#
#8.?.>..# ,
###.......# * * *
* #8...∩...8#
=..##........#*
,....g.o@)..8.#**
, ,
,...#...).......
, ##8..o8.....
*###........ , *
####...## ,, ,
*#### * * * , * *
,


You could see an orc priest, an orc and a goblin.

Vanquished Creatures
  4 orcs
  A kobold (D:3)
  A ball python (D:2)
  A bat (D:3)
  A rat (D:3)
8 creatures vanquished.

Vanquished Creatures (others)
  22 foxfires
22 creatures vanquished.

Grand Total: 30 creatures vanquished

Notes
Turn   | Place    | Note
-------+----------+-------------------------------------------
     0 | D:1      | hawla the Meteoran Fire Elementalist began the quest for
                  | the Orb.
     0 | D:1      | Reached XP level 1. HP: 14/14 MP: 5/5
    85 | D:3      | Found a shimmering altar of Xom.
   145 | D:3      | Noticed an orc wizard
   147 | D:3      | Noticed an orc priest
   187 | D:3      | Reached XP level 2. HP: 20/20 MP: 4/6
   190 | D:3      | Learned a level 2 spell: Scorch
   202 | D:3      | Reached skill level 4 in Fire Magic
   232 | D:4      | Found Xadaarch's General Store.
   236 | D:4      | HP: 1/20 [orc priest/+0 flail (2)]
   237 | D:4      | Gained mutation: You have large cloven feet. [potion of
                  | mutation]
   237 | D:4      | Gained mutation: You do not regenerate when monsters are
                  | visible. [potion of mutation]
   237 | D:4      | Gained mutation: You are somewhat resistant to further
                  | mutation. [potion of mutation]
   237 | D:4      | Killed from afar by an orc priest

Illustrated notes

Levels and vault maps discovered:
D:1:      evilmike_arrival_rings, layout_loops_ring, serial_bayou_lake_a
D:2:      layout_basic, serial_corexii_hall, chequers_hall_statues_y,
          corexii_hall_statues_i
D:3:      layout_basic, mainiacjoe_overflow_alcove_1, tso_metal_star,
          xom_teletrap_fun, serial_shops, shop,
          hellmonk_ecumenical_altar_blasted, guppyfry_early_lair_pool
D:4:      layout_cave_pods, old_standard_altar,
          nicolae_hepliaklqana_monster_ancestors, serial_shops,
          kennysheep_mini_moat, nicolae_shop_rolled_up, nicolae_stop_n_shop_1

Skill      XL: |  1  2 |
---------------+-------+-----
Fire Magic     | 4 |  4.1
Spellcasting   | 3 |  3.1
Dodging        | |  2.5
Stealth        | |  1.4
Conjurations   | |  1.2

Action                     || total
---------------------------++-------
  Melee: Unarmed           ||     8
   Cast: Foxfire           ||    12
         Scorch            ||     3
    Use: Scroll            ||     1
         Potion            ||     2
 Armour: Robe              ||     3
  Dodge: Dodged            ||    16
